Map: Wissbegier LE

Players

Chantal - Winner!

  • Race: Terran Terran
  • League: Diamond
  • Spawn Location: 5:00

Альфабабуин

  • Race: Zerg Zerg
  • League: Platinum
  • Spawn Location: 11:00

VOD

Have the link to the VOD?

Description

Time

  • Played on: Jan. 25, 2022, 2:36 p.m.
  • Length: 11:19
Show
View Real Time Build Order
Export as new Build Order

Chantal Terran - Winner!

Build Orders:  

Get SALT Encoding   

  12  0:00  SCV  
  13  0:12  SCV  
  14  0:18  Supply Depot  
  14  0:26  Refinery  
  14  0:31  SCV  
  15  0:41  Barracks  
  15  0:49  Refinery  
  15  0:52  SCV  
  16  1:04  SCV  
  17  1:16  SCV  
  18  1:28  SCV  
  19  1:33  Ghost Academy  
  19  1:37  Supply Depot  
  19  1:39  Barracks Tech Lab  
  19  1:49  SCV  
  20  2:06  Ghost  
  22  2:14  Factory  
  22  2:24  SCV  
  22  2:29  Supply Depot  
  23  2:35  Ghost  
  25  2:51  Orbital Command  
  25  3:01  Starport  
  25  3:03  Factory Tech Lab  
  25  3:14  Ghost  
  27  3:42  Ghost  
  27  3:48  Medivac  
  31  3:54  Command Center  
  31  4:10  Refinery  
  31  4:11  Refinery  
  31  4:16  Fusion Core  
  31  4:30  SCV  
  32  4:39  Siege Tank  
  32  4:42  SCV  
  30  5:43  Siege Tank  
  30  5:44  Ghost  
  35  6:17  Orbital Command  
  35  6:46  Fusion Core, Orbital Command  
  36  6:55  Ghost  
  37  7:11  Factory Tech Lab  
  37  7:49  Orbital Command  
  37  8:14  Engineering Bay  
  37  8:18  Refinery x2  
  37  8:29  SCV x2  
  37  8:30  Supply Depot  
  37  8:32  Supply Depot  
  39  8:35  Supply Depot  
  39  8:39  Siege Tank  
  39  8:40  Battlecruiser  
  39  8:41  SCV x2  
  50  8:53  SCV x2  
  52  8:56  Missile Turret  
  52  8:57  Missile Turret  
  52  9:01  Missile Turret  
  52  9:05  SCV  
  53  9:16  Starport x2  
  53  9:19  Missile Turret  
  53  9:21  Missile Turret, Factory Tech Lab  
  53  9:26  Missile Turret  
Show
View Real Time Build Order
Export as new Build Order

Альфабабуин Zerg 

Build Orders: Pool First, Roach Nydus 

Get SALT Encoding   

  12  0:05  Drone  
  13  0:15  Drone  
  13  0:20  Overlord  
  14  0:40  Drone x2  
  16  0:49  Spawning Pool  
  15  0:57  Drone  
  17  1:11  Drone  
  17  1:15  Extractor, Hatchery  
  17  1:16  Drone  
  16  1:20  Drone  
  17  1:29  Drone  
  18  1:36  Queen  
  20  1:42  Zergling x2  
  20  1:47  Overlord  
  21  1:57  Zergling x2  
  22  2:21  Lair  
  22  2:26  Roach Warren  
  21  2:30  Queen  
  23  2:39  Drone x2  
  23  2:40  Extractor, Drone x2  
  26  2:54  Metabolic Boost  
  25  3:02  Drone x3  
  28  3:23  Overlord x2  
  28  3:44  Roach x4  
  28  3:45  Roach x2  
  40  4:02  Nydus Network  
  39  4:03  Zergling x6  
  42  4:20  Overseer  
  42  4:24  Zergling x4  
  44  4:28  Overlord  
  44  4:49  Nydus Canal  
  44  4:52  Roach x4  
  51  5:00  Overlord  
  44  5:14  Spine Crawler  
  44  5:19  Roach  
  44  5:20  Roach x2  
  42  5:50  Drone x3  
  41  6:19  Drone x5  
  41  6:20  Drone x2  
  49  6:25  Ravager  
  49  6:27  Drone  
  49  6:28  Drone  
  51  6:39  Zergling x2  
  52  6:45  Overlord  
  52  6:53  Overlord  
  52  7:03  Queen x2  
  53  7:23  Ravager  
  53  7:25  Drone  
  53  7:26  Drone x5  
  40  8:05  Drone x4  
  39  8:06  Drone x2  
  43  8:28  Roach x4  
  43  8:34  Extractor  
  50  8:37  Extractor  
  49  8:44  Overseer  
  49  8:47  Zergling x6  
  49  8:48  Hatchery  
  51  8:58  Spore Crawler  
  50  9:15  Zergling x4  
  52  9:23  Overlord  
  52  9:24  Overlord x2  
  39  9:39  Roach x2  
  43  9:45  Roach  
  43  9:46  Roach x4  
  51  9:56  Overlord x2  
  51  10:02  Overlord x2  
  51  10:07  Queen  
  46  10:08  Zergling x2  
  46  10:09  Zergling x2  
  49  10:23  Drone  
  49  10:24  Drone x5  
  55  10:42  Spore Crawler  
  54  10:45  Roach x4  
  62  10:53  Ravager  
Tags
 
Add a new tag
Caveats
  • Supply blocks, unpowered buildings, or Contaminate may cause inaccurate times.
  • Supply counts are checked every 10 seconds.